Map: [ESL] Blackburn

Players

Serral - Winner!

  • Race: Zerg Zerg

ShoWTimE

  • Race: Protoss Protoss

Event: IEM Katowice 2022

VOD

Have the link to the VOD?

Description

Time

  • Played on: Feb. 24, 2022, 3:08 p.m.
  • Length: 10:29

All games in this series

Show
View Real Time Build Order
Export as new Build Order

Serral Zerg - Winner!

Build Orders: Hatch First 

Get SALT Encoding   

  12  0:00  Drone  
  13  0:11  Overlord  
  13  0:16  Drone  
  14  0:30  Drone x2  
  16  0:47  Hatchery  
  15  0:50  Drone  
  15  0:55  Drone  
  17  0:58  Drone  
  18  1:08  Extractor  
  17  1:13  Spawning Pool  
  17  1:16  Drone  
  17  1:19  Drone  
  18  1:27  Drone  
  19  1:38  Drone  
  20  1:54  Overlord  
  20  1:59  Queen x2  
  24  2:01  Zergling x4  
  26  2:10  Drone  
  26  2:11  Metabolic Boost  
  26  2:12  Drone  
  28  2:20  Drone  
  28  2:21  Drone  
  30  2:31  Drone  
  31  2:37  Hatchery  
  31  2:39  Drone  
  31  2:44  Overlord  
  31  2:49  Queen  
  33  2:52  Drone  
  33  2:55  Drone  
  33  2:57  Drone  
  36  3:04  Overlord  
  36  3:06  Queen  
  36  3:10  Drone x2  
  40  3:13  Drone  
  40  3:15  Drone  
  40  3:17  Drone  
  40  3:19  Drone  
  44  3:23  Drone  
  44  3:25  Overlord  
  45  3:30  Queen  
  45  3:33  Drone  
  49  3:34  Drone  
  49  3:38  Overlord  
  49  3:48  Drone x4  
  53  3:51  Spore Crawler  
  53  3:53  Spore Crawler  
  53  3:55  Zergling x4  
  53  3:57  Drone  
  53  3:58  Drone  
  53  4:01  Zergling x2  
  56  4:03  Drone x2  
  56  4:08  Queen  
  60  4:11  Drone x2  
  60  4:15  Drone  
  60  4:16  Drone  
  63  4:20  Drone x2  
  64  4:26  Roach Warren, Drone  
  64  4:29  Spore Crawler  
  63  4:32  Zergling x2  
  63  4:33  Zergling x2  
  63  4:34  Spore Crawler, Drone  
  63  4:36  Drone  
  66  4:38  Drone  
  66  4:39  Drone  
  66  4:41  Zergling x4  
  66  4:43  Overlord  
  70  4:50  Lair  
  70  4:51  Drone x2  
  70  4:52  Drone  
  73  4:58  Overlord x2  
  72  5:00  Drone  
  72  5:03  Overlord  
  72  5:05  Drone  
  72  5:06  Drone  
  74  5:10  Extractor x2  
  74  5:11  Extractor  
  74  5:12  Zergling x2  
  73  5:14  Evolution Chamber  
  73  5:15  Drone x4  
  73  5:20  Drone x4  
  79  5:22  Drone  
  79  5:27  Drone  
  81  5:30  Drone  
  81  5:32  Drone  
  83  5:36  Drone  
  83  5:37  Hatchery  
  83  5:39  Drone x3, Extractor x2  
  83  5:40  Drone  
  83  5:41  Drone  
  86  5:44  Zerg Missile Weapons Level 1  
  86  5:48  Overseer  
  86  5:49  Glial Reconstitution  
  86  5:51  Drone x3  
  86  5:52  Drone  
  90  6:00  Drone x4  
  91  6:06  Overlord  
  91  6:07  Drone x2  
  91  6:10  Overlord x2  
  92  6:16  Infestation Pit, Roach x2  
  95  6:19  Overlord  
  95  6:20  Overlord  
  95  6:26  Roach x3  
  95  6:31  Roach x3  
  107  6:34  Overlord  
  107  6:35  Zergling x4  
  107  6:37  Ravager x2  
  107  6:39  Roach x2  
  115  6:40  Zergling x2  
  115  6:45  Overlord  
  116  6:48  Roach x2  
  120  6:54  Ravager x2  
  120  6:55  Roach x3, Zergling x2  
  129  7:03  Zergling x4  
  129  7:05  Hive  
  129  7:07  Spire  
  130  7:10  Queen  
  130  7:11  Drone x4  
  136  7:17  Drone x2  
  136  7:19  Evolution Chamber  
  136  7:20  Baneling Nest  
  135  7:23  Drone x7  
  135  7:26  Drone x2  
  142  7:31  Drone x3  
  142  7:32  Extractor  
  142  7:33  Extractor  
  142  7:36  Overlord x2  
  143  7:38  Drone x2  
  143  7:40  Overlord  
  143  7:41  Zerg Missile Weapons Level 2  
  145  7:46  Zerg Melee Weapons Level 1  
  145  7:52  Overlord  
  145  7:54  Hatchery  
  145  7:55  Roach x3  
  150  8:05  Centrifugal Hooks  
  150  8:06  Roach x5  
  150  8:07  Roach  
  150  8:09  Overlord  
  150  8:11  Roach, Zergling x2  
  165  8:19  Viper x2  
  171  8:20  Greater Spire  
  171  8:27  Zergling x16  
  179  8:35  Overseer  
  179  8:39  Zergling x22  
  179  8:40  Zergling x4  
  173  8:48  Zergling x8  
  177  8:57  Overlord  
  177  8:58  Zergling x12  
  183  9:05  Ravager  
  183  9:06  Baneling x7  
  183  9:07  Baneling x22, Zergling x2  
  183  9:08  Zergling x12  
  191  9:16  Baneling x11  
  191  9:17  Baneling x11  
  191  9:20  Zergling x12  
  197  9:32  Spore Crawler  
  197  9:37  Zergling x22  
  200  9:49  Zergling x6  
  172  10:09  Zergling x48  
Show
View Real Time Build Order
Export as new Build Order

ShoWTimE Protoss 

Build Orders: 1 Gate Expand, Oracle Opening 

Get SALT Encoding   

  12  0:00  Probe  
  13  0:12  Probe  
  14  0:17  Pylon  
  14  0:24  Probe  
  14  0:28  Assimilator  
  15  0:36  Probe (Chrono Boost)  
  16  0:43  Gateway  
  16  0:49  Probe (Chrono Boost)  
  17  0:54  Probe (Chrono Boost)  
  18  1:04  Probe  
  19  1:17  Probe  
  20  1:24  Nexus  
  20  1:29  Probe  
  21  1:36  Cybernetics Core  
  21  1:42  Assimilator  
  21  1:44  Probe  
  22  1:50  Pylon  
  22  1:56  Probe  
  23  2:08  Probe (Chrono Boost)  
  23  2:12  Adept  
  26  2:16  Stargate  
  26  2:18  Probe (Chrono Boost)  
  26  2:19  Warp Gate  
  27  2:23  Probe (Chrono Boost)  
  28  2:36  Probe (Chrono Boost)  
  30  2:40  Probe (Chrono Boost)  
  30  2:42  Adept  
  33  2:45  Probe (Chrono Boost)  
  33  2:48  Probe (Chrono Boost)  
  33  2:50  Probe (Chrono Boost)  
  34  2:56  Oracle (Chrono Boost)  
  35  2:59  Probe  
  35  3:02  Probe  
  35  3:03  Pylon  
  40  3:11  Probe  
  40  3:12  Adept  
  43  3:14  Probe  
  43  3:18  Gateway  
  44  3:23  Oracle (Chrono Boost), Probe  
  44  3:26  Probe  
  49  3:35  Probe  
  49  3:38  Probe  
  49  3:41  Pylon  
  51  3:47  Probe  
  52  3:50  Probe  
  52  3:53  Nexus  
  53  3:57  Oracle (Chrono Boost)  
  53  3:59  Probe  
  57  4:03  Probe  
  57  4:05  Pylon  
  58  4:11  Assimilator x2, Probe  
  58  4:15  Probe  
  60  4:23  Robotics Facility, Adept  
  60  4:24  Probe  
  63  4:25  Adept  
  63  4:28  Probe  
  66  4:34  Forge  
  66  4:36  Probe  
  66  4:37  Pylon  
  67  4:42  Probe  
  68  4:46  Gateway  
  68  4:48  Probe  
  69  4:54  Probe  
  70  5:00  Probe  
  70  5:03  Sentry x2  
  70  5:06  Probe, Protoss Ground Weapons Level 1  
  73  5:08  Immortal (Chrono Boost)  
  73  5:12  Probe x2  
  79  5:18  Probe  
  80  5:24  Probe x2  
  80  5:25  Shield Battery  
  80  5:28  Sentry x2  
  86  5:30  Pylon, Probe  
  87  5:36  Probe x2  
  87  5:37  Warp Prism (Chrono Boost)  
  87  5:41  Robotics Bay  
  87  5:42  Pylon  
  91  5:46  Assimilator, Probe  
  91  5:47  Assimilator  
  91  5:48  Probe  
  91  5:49  Probe  
  94  5:58  Probe  
  94  6:00  Probe  
  94  6:06  Probe  
  94  6:08  Zealot x3  
  99  6:14  Observer (Chrono Boost)  
  99  6:15  Photon Cannon  
  99  6:16  Twilight Council  
  100  6:27  Disruptor (Chrono Boost)  
  100  6:28  Gateway  
  100  6:32  Gateway x2  
  103  6:33  Pylon  
  103  6:35  Zealot x3  
  109  6:44  Pylon  
  109  6:51  Phoenix  
  109  6:53  Pylon, Charge  
  111  6:57  Pylon  
  111  6:59  Nexus, Probe  
  111  7:00  Probe x2  
  111  7:01  Pylon  
  114  7:07  Disruptor  
  117  7:13  Photon Cannon  
  117  7:17  Templar Archives  
  117  7:19  Gateway, Probe  
  117  7:20  Probe x2  
  117  7:22  Gateway  
  120  7:29  Photon Cannon  
  120  7:32  Probe x2  
  120  7:33  Shield Battery  
  122  7:39  Probe  
  122  7:41  Shield Battery  
  122  7:44  Probe  
  124  7:46  Immortal (Chrono Boost), Assimilator, Protoss Ground Weapons Level 2 (Chrono Boost)  
  124  7:50  Assimilator  
  128  7:58  High Templar x6  
  140  8:02  Forge, Archon, Pylon  
  140  8:03  Archon  
  140  8:06  Pylon  
  140  8:07  Archon  
  140  8:13  Gateway  
  140  8:16  Gateway  
  140  8:26  Fleet Beacon  
  140  8:27  Stargate  
  140  8:38  Zealot x6  
  140  8:39  Zealot x2  
  142  8:58  Stargate  
  142  9:08  Pylon  
  142  9:11  Carrier x2 (Chrono Boost)  
  154  9:26  Nexus  
  154  9:28  Pylon  
  158  9:48  High Templar  
  158  9:49  High Templar, Zealot x3  
  158  9:50  Zealot x2  
  172  9:55  Stalker, Archon  
  161  10:01  Probe x3  
  161  10:03  Probe  
  127  10:09  Zealot x3  
  127  10:10  Zealot  
  128  10:15  Stalker  
  128  10:16  Probe x2 (Chrono Boost)  
  128  10:17  Probe (Chrono Boost)  
  128  10:20  Probe (Chrono Boost)  

Tags
 
Add a new tag
Caveats
  • Supply blocks, unpowered buildings, or Contaminate may cause inaccurate times.
  • Supply counts are checked every 10 seconds.